AoeStats
← TigerGecko

Black Forest

503681378Analyzed
4v4 RM · 1mo ago on Sep 1, 2026· 57m 35s· 8 players
Game mode
Random Map
Map size
Large (8 player)
Population
200
Speed
Normal
Resources
Standard
Victory
Conquest
Starting age
Dark Age
Ending age
Imperial Age
RankedLock teamsTeams togetherTeam positionsShared explorationLock speedFull tech treeHidden civsTurbo modeCheats
Victory
Defeat
🇮🇶 Celts · Iraq
1467
+16
🇬🇧 Persians · United Kingdom
1456
+16
🇩🇪 Britons · Germany
1437
+17
🇱🇧 Khmer · Lebanon
1369
+20
🇨🇭 Mongols · Switzerland
1494
-19
🇩🇪 Tupi · Germany
1481
-18
🇫🇷 Bohemians · France
1449
-17
🇪🇨 Berbers · Ecuador
1429
-16
slay
10:34 Feudal Age
11:52 Horse Collar
14:28 Castle Age
12:30 Double-Bit Axe
16:18 Bow Saw
17:03 Wheelbarrow
16:45 Heavy Plow
22:25 Hand Cart
23:35 Loom
27:20 Imperial Age
24:54 Scale Mail Armor
25:05 Forging
26:33 Chemistry
27:11 Chain Mail Armor
27:32 Iron Casting
27:24 Houfnice
28:36 Plate Mail Armor
27:28 Pikeman
28:08 Squires
31:45 Blast Furnace
30:07 Halberdier
32:42 Siege Engineers
34:25 Caravan
34:30 Town Watch
35:48 Two-Man Saw
41:08 Conscription
49:13 Fletching
49:36 Masonry
49:47 Ballistics
lorddoc
5:51 Loom
10:58 Feudal Age
14:48 Castle Age
13:19 Double-Bit Axe
21:18 Wheelbarrow
20:38 Horse Collar
25:22 Heavy Plow
29:19 Imperial Age
27:37 Bow Saw
28:24 Fletching
28:35 Padded Archer Armor
29:17 Bodkin Arrow
30:37 Bracer
30:52 Leather Archer Armor
31:48 Gold Mining
32:06 Husbandry
32:17 Bloodlines
32:52 Thumb Ring
34:03 Parthian Tactics
34:01 Ballistics
35:53 Chemistry
34:34 Capped Ram
35:46 Elite Mangudai
37:11 Conscription
38:00 Hand Cart
39:02 Caravan
40:02 Scale Barding Armor
40:08 Forging
39:32 Light Cavalry
40:39 Hussar
43:10 Chain Barding Armor
43:59 Nomads
50:23 Heavy Camel Rider
57:32 Town Watch
TigerGecko
1:07 Loom
14:37 Feudal Age
15:55 Double-Bit Axe
15:54 Horse Collar
18:54 Castle Age
16:49 Gold Mining
19:59 Bow Saw
20:00 Heavy Plow
21:12 Town Watch
22:02 Wheelbarrow
26:55 Gold Shaft Mining
26:13 Stone Mining
28:37 Hand Cart
29:18 Caravan
31:15 Town Patrol
34:34 Imperial Age
32:05 Scale Mail Armor
32:16 Forging
33:20 Chain Mail Armor
33:08 Squires
32:53 Arson
34:19 Iron Casting
34:34 Coinage
34:37 Elite Ibirapema Warrior
34:39 Pikeman
35:55 Plate Mail Armor
35:50 Conscription
35:57 Onager
36:33 Capped Ram
38:55 Two-Man Saw
37:50 Fletching
37:55 Champi Runner
39:58 Bodkin Arrow
40:01 Champi Warrior
40:43 Bracer
40:52 Caciques
43:06 Elite Champi Warrior
46:41 Pikeman
48:28 Curare
49:06 Hoardings
48:11 Halberdier
49:50 Ballistics
50:30 Chemistry
49:17 Arrowslits
49:22 Guard Tower
49:14 Treadmill Crane
49:29 Murder Holes
53:14 Banking
54:19 Keep
53:49 Padded Archer Armor
KOF ELGRANKUSKING
7:40 Loom
12:25 Feudal Age
14:28 Double-Bit Axe
15:05 Horse Collar
17:51 Castle Age
19:24 Bow Saw
20:00 Heavy Plow
21:56 Wheelbarrow
24:52 Gold Mining
26:10 Stone Mining
26:10 Town Watch
26:42 Hand Cart
31:37 Imperial Age
31:55 Imperial Age
29:25 Fletching
29:37 Padded Archer Armor
30:01 Ballistics
30:14 Bloodlines
30:04 Husbandry
30:24 Bodkin Arrow
30:45 Leather Archer Armor
30:36 Scale Barding Armor
30:42 Forging
30:09 Light Cavalry
31:40 Kasbah
32:07 Chain Barding Armor
32:26 Stone Shaft Mining
32:31 Gold Shaft Mining
32:47 Bracer
33:18 Ring Archer Armor
33:58 Chemistry
34:05 Conscription
33:24 Hussar
34:46 Maghrebi Camels
34:29 Elite Camel Archer
36:15 Iron Casting
36:47 Plate Barding Armor
37:10 Hoardings
38:14 Blast Furnace
37:02 Arrowslits
37:30 Masonry
37:45 Heavy Camel Rider
39:41 Siege Engineers
46:47 Treadmill Crane
47:08 Murder Holes
48:13 Caravan
55:00 Onager
ross
8:07 Loom
11:13 Feudal Age
15:07 Castle Age
13:11 Double-Bit Axe
13:55 Horse Collar
15:47 Bow Saw
20:58 Wheelbarrow
27:58 Hand Cart
33:20 Imperial Age
31:22 Forging
31:18 Scale Barding Armor
31:03 Fletching
31:43 Heavy Plow
33:20 Chain Barding Armor
33:36 Iron Casting
33:26 Bloodlines
33:16 Husbandry
33:09 Elite War Elephant
34:10 Conscription
34:59 Plate Barding Armor
34:28 Gold Mining
35:14 Caravan
36:13 Conscription
39:46 Gold Shaft Mining
46:51 Blast Furnace
54:01 Two-Man Saw
cmd 2.0
0:51 Loom
12:23 Feudal Age
13:23 Double-Bit Axe
13:25 Horse Collar
16:14 Castle Age
17:42 Bow Saw
18:29 Heavy Plow
21:45 Gold Mining
25:05 Stone Mining
28:33 Imperial Age
27:17 Fortified Wall
28:07 Gold Shaft Mining
27:29 Fletching
28:31 Bodkin Arrow
29:28 Wheelbarrow
28:39 Town Watch
29:28 Bracer
29:29 Padded Archer Armor
29:51 Ballistics
30:40 Yeomen
30:41 Conscription
31:47 Chemistry
32:59 Elite Longbowman
34:15 Hand Cart
34:19 Elite Longbowman
36:00 Leather Archer Armor
37:15 Elite Skirmisher
38:27 Ring Archer Armor
43:18 Masonry
44:38 Crossbowman
45:04 Arbalester
47:00 Two-Man Saw
52:41 Caravan
Nova_8
0:49 Loom
14:39 Feudal Age
19:08 Castle Age
21:11 Double-Bit Axe
22:09 Bow Saw
26:40 Wheelbarrow
31:17 Imperial Age
29:05 Gold Mining
29:00 Horse Collar
29:11 Stone Mining
32:08 Hand Cart
31:51 Town Watch
32:33 Onager
34:54 Forging
34:45 Scale Mail Armor
38:37 Chemistry
38:56 Iron Casting
38:36 Chain Mail Armor
39:24 Siege Onager
41:44 Siege Engineers
42:00 Ballistics
41:51 Furor Celtica
42:02 Conscription
42:10 Pikeman
42:36 Gambesons
42:36 Arson
43:20 Halberdier
46:34 Town Patrol
46:36 Caravan
46:48 Capped Ram
49:24 Blast Furnace
48:54 Plate Mail Armor
48:09 Treadmill Crane
47:58 Siege Ram
49:45 Heavy Scorpion
53:19 Guilds
53:39 Coinage
__Assassin
3:41 Loom
11:46 Feudal Age
16:18 Castle Age
14:47 Double-Bit Axe
15:20 Gold Mining
16:21 Horse Collar
17:26 Wheelbarrow
17:51 Heavy Plow
18:32 Bow Saw
21:29 Hand Cart
23:09 Stone Mining
24:41 Gold Shaft Mining
25:49 Stone Shaft Mining
26:09 Caravan
30:22 Imperial Age
29:38 Forging
29:34 Scale Barding Armor
30:39 Bloodlines
30:29 Husbandry
31:10 Iron Casting
31:59 Crop Rotation
31:23 Elite Ballista Elephant
32:58 Conscription
33:48 Ballistics
34:28 Chemistry
35:19 Blast Furnace
34:45 Chain Barding Armor
34:59 Siege Engineers
35:02 Tusk Swords
35:07 Double Crossbow
38:15 Elite Battle Elephant
40:32 Hoardings
39:58 Tusk Swords
40:12 Fortified Wall
39:58 Murder Holes
40:14 Masonry
42:47 Light Cavalry
49:26 Coinage
53:04 Banking
54:19 Plate Barding Armor
Connection lost

Rejoining the realm…

Still unreachable

The connection could not be restored.

Session expired

The server has moved on; the page needs a fresh start.